 Dungeon Crawl Stone Soup version 0.12.2-12-gd1dd697 (webtiles) character file.

463 Ractero the Chucker (level 6, 0/44 HPs)
             Began as a Human Assassin on July 20, 2013.
             Was an Initiate of Vehumet.
             Succumbed to a scorpion's poison
             ... on Level 4 of the Dungeon.
             The game lasted 00:29:07 (3558 turns).

Ractero the Chucker (Human Assassin)                Turns: 3558, Time: 00:29:07

HP   0/44        AC  6     Str 11      XL: 6   Next: 98%
MP   5/5         EV  8     Int 11      God: Vehumet [......]
Gold 104         SH  8     Dex 17      Spells:  0 memorised,  5 levels left

Res.Fire  : . . .   See Invis. : .   s - +2,+0 dwarf short sword
Res.Cold  : . . .   Warding    : .   j - +0 ring mail (curse)
Life Prot.: . . .   Conserve   : .   m - +0 buckler
Res.Poison: .       Res.Corr.  : .   (no helmet)
Res.Elec. : .       Clarity    : .   d - +0 cloak
Sust.Abil.: . .     Spirit.Shd : .   (no gloves)
Res.Mut.  : .       Stasis     : .   (no boots)
Res.Rott. : .       Ctrl.Telep.: .   (no amulet)
Saprovore : . . .   Flight     : .   (no ring)
                                     (no ring)

@: very poisoned, slightly resistant to hostile enchantments, fairly stealthy
A: no striking features
a: Renounce Religion


You were on level 4 of the Dungeon.
You worshipped Vehumet.
Vehumet was pleased with you.
You were not hungry.

You visited 1 branch of the dungeon, and saw 4 of its levels.

You collected 54 gold pieces.

Inventory:

Hand weapons
 b - a +0 blowgun
 l - a +0,+0 short sword
 n - a +0,+0 orcish short sword
 r - a +3,+2 dagger {=f}
 s - a +2,+0 dwarven short sword (weapon)
 u - a +0,+0 short sword
 z - a +0,+0 whip
 C - a +0,+0 short sword
Missiles
 e - 17 poisoned needles
 g - 3 silver javelins (quivered)
 q - 51 darts
 v - 4 darts of flame
 y - 9 darts of frost
 D - 8 javelins
Armour
 c - a +0 robe
 d - a +0 cloak (worn)
 i - a +0 robe
 j - a cursed +0 ring mail (worn)
 m - a +0 buckler (worn)
 p - the +2 ring mail of a treasure trove {rC+, unknown}
   (You found it on level 4 of the Dungeon)

   It protects you from cold.
 t - a +0 leather armour
 w - a +0 leather armour
 x - a +0 buckler
Magical devices
 A - a wand of flame (13)
Scrolls
 a - a scroll of fear {unknown}
 B - a scroll of enchant weapon I
Jewellery
 o - an uncursed amulet of rage {unknown}
Potions
 f - a potion of berserk rage {unknown}
 h - 2 potions of curing
 k - a potion of brilliance


   Skills:
 * Level 2.6 Fighting
 * Level 2.7 Short Blades
 * Level 4.2 Throwing
 * Level 2.4 Armour
 * Level 3.0 Dodging
 + Level 3.8 Stealth
 - Level 2.0 Stabbing


You had 5 spell levels left.
You didn't know any spells.

Dungeon Overview and Level Annotations

Branches:
Dungeon (4/27)
 Temple: D:4-7

Altars:
Vehumet


Message History

You closely miss the scorpion.
The scorpion is severely wounded.
The scorpion stings you.
You hit the scorpion but do no damage.
The scorpion is severely wounded.
You feel sick. The scorpion stings you.
* * * LOW HITPOINT WARNING * * *
You are more poisoned.
The scorpion poisons you!
You hit the scorpion.
The scorpion is almost dead.
* * * LOW HITPOINT WARNING * * *
You feel very sick. The scorpion stings you.
* * * LOW HITPOINT WARNING * * *
* * * LOW HITPOINT WARNING * * *
You feel sick.
You hit the scorpion but do no damage.
The scorpion is almost dead.
You die...

############
#.@s.........#
#.##########.# ####.#
#.# #....# #.# ####.#
# #.# #.# #. ##.######
####.#####.. +........
#........#...##.####..
#.##.###.# #......'..


You could see a scorpion.

Vanquished Creatures
  2 ogres (D:4)
  A gnoll sergeant (D:4)
  6 gnolls (D:4)
  A worm (D:3)
  A giant eyeball (D:3)
  A giant gecko (D:1)
  An ooze (D:2)
  3 orcs
  7 bats
  5 giant cockroaches
  8 goblins
  11 hobgoblins
  13 kobolds
  A ball python (D:3)
  A giant newt (D:1)
  An orc skeleton (D:4)
  5 rats
68 creatures vanquished.

Notes
Turn   | Place    | Note
--------------------------------------------------------------
     0 | D:1      | Ractero, the Human Assassin, began the quest for the Orb.
     0 | D:1      | Reached XP level 1. HP: 15/15 MP: 0/0
   112 | D:1      | Reached XP level 2. HP: 21/21 MP: 1/1
   680 | D:1      | Reached XP level 3. HP: 24/26 MP: 2/2
  1841 | D:3      | Reached skill level 1 in Armour
  1873 | D:3      | Paralysed by a giant eyeball for 3 turns
  1886 | D:3      | Reached XP level 4. HP: 20/33 MP: 3/3
  2242 | D:3      | Found a radiant altar of Vehumet.
  2496 | D:3      | Became a worshipper of Vehumet
  2793 | D:4      | Noticed an ogre
  2976 | D:4      | Killed an ogre
  2976 | D:4      | Reached XP level 5. HP: 14/38 MP: 4/4
  3047 | D:4      | Noticed an ogre
  3071 | D:4      | Killed an ogre
  3071 | D:4      | Reached XP level 6. HP: 44/44 MP: 5/5
  3080 | D:4      | Got a warped ring mail
  3096 | D:4      | Noticed a gnoll sergeant
  3248 | D:4      | Killed a gnoll sergeant
  3248 | D:4      | Reached skill level 4 in Throwing
  3558 | D:4      | Succumbed to a scorpion's poison

Action                   |  1- 3 |  4- 6 || total
-------------------------+-------+-------++-------
Melee: Dagger            |   120 |    23 ||   143
       Short sword       |       |    51 ||    51
       Trident           |       |     4 ||     4
 Fire: Blowgun           |       |    57 ||    57
Throw: Dart              |     2 |    20 ||    22
       Dagger            |       |     2 ||     2
       Javelin           |       |     4 ||     4
  Use: Scroll            |     4 |     3 ||     7
       Potion            |       |     6 ||     6
 Stab: Sleeping          |     8 |     1 ||     9
